[ AOE2 MATCH · #495280269 ]
UnrankedMaya vs Spanish
Player's team · LOSS
Rival team · WIN
[ REPLAY ANALYSIS · EXTRACTED FROM THE RECORDED GAME ]
Feudal
10:22
Castle
20:16
Imperial
41:56
| APM avg | 46.2 |
| APM peak | 73 |
| eAPM avg | 23.8 |
| Villagers / military | 138 / 277 |
Focus
⚔️ 41.3% · 🌾 58.7%
Skirmisher ×137 · Eagle Scout ×78 · Archer ×44 · Scorpion ×7 · Militia ×5 · Spearman ×3
Feudal
9:24
Castle
22:42
Imperial
42:04
| APM avg | 52.2 |
| APM peak | 94 |
| eAPM avg | 28.6 |
| Villagers / military | 116 / 161 |
Focus
⚔️ 53.8% · 🌾 46.2%
Skirmisher ×59 · Cavalry Archer ×39 · Hand Cannoneer ×24 · Missionary ×22 · Bombard Cannon ×9 · Scout Cavalry ×5
Match map
Initial resources + every placement click. Lines = walls · curves = elevation contours. ◆ gold · ⬟ stone · ● berries · ✦ relic · ◌ wall gap
Your base· ✓ Closed at 20:16 · 50t walls · 1 gate(s)
盐堆大王's base· ✓ Closed at 22:42 · 42t walls · 3 gate(s)
Smoothed initial terrain · ◌ = detected wall gap · hover for details
Inputs per minute
— Tapwater2000 - - 盐堆大王
Build order — Tapwater2000
First 150 of 492 actions detected
| 0:01 | Research | Loom |
| 0:02 | Build | House |
| 0:05 | Build | House |
| 0:06 | Build | House |
| 0:14 | Create | Villager (Male) |
| 0:14 | Create | Villager (Male) |
| 0:15 | Create | Villager (Male) |
| 1:37 | Create | Villager (Male) |
| 2:10 | Create | Villager (Male) |
| 2:20 | Build | Lumber Camp |
| 2:32 | Create | Villager (Male) |
| 2:32 | Create | Villager (Male) |
| 2:59 | Create | Villager (Male) |
| 3:00 | Create | Villager (Male) |
| 3:18 | Create | Villager (Male) |
| 3:19 | Create | Villager (Male) |
| 3:49 | Create | Villager (Male) |
| 3:49 | Create | Villager (Male) |
| 4:06 | Create | Villager (Male) |
| 4:06 | Create | Villager (Male) |
| 4:51 | Create | Villager (Male) |
| 4:59 | Create | Villager (Male) |
| 5:01 | Build | Barracks |
| 5:29 | Build | House |
| 5:38 | Create | Villager (Male) |
| 5:54 | Create | Militia |
| 5:55 | Create | Militia |
| 6:10 | Build | Mill |
| 6:15 | Create | Militia |
| 6:21 | Create | Villager (Male) |
| 6:30 | Create | Villager (Male) |
| 7:13 | Create | Villager (Male) |
| 7:14 | Create | Villager (Male) |
| 7:40 | Build | Mining Camp |
| 7:46 | Build | House |
| 8:12 | Research | Feudal Age |
| 8:27 | Build | House |
| 8:47 | Create | Militia |
| 8:58 | Build | Palisade Wall |
| 9:02 | Create | Villager (Male) |
| 9:08 | Build | Palisade Wall |
| 9:14 | Create | Militia |
| 9:32 | Build | House |
| 9:35 | Build | Palisade Wall |
| 9:44 | Build | Palisade Wall |
| 9:45 | Build | Palisade Wall |
| 9:53 | Create | Villager (Male) |
| 10:22 | Age | Feudal Age |
| 10:35 | Research | Man-at-Arms (upgrade) |
| 10:41 | Create | Villager (Male) |
| 10:47 | Create | Spearman |
| 10:59 | Research | Double-Bit Axe |
| 11:15 | Create | Villager (Male) |
| 11:31 | Create | Villager (Male) |
| 11:32 | Build | Farm |
| 11:51 | Create | Villager (Male) |
| 11:53 | Create | Spearman |
| 12:00 | Build | House |
| 12:05 | Build | Farm |
| 12:06 | Build | Farm |
| 12:08 | Build | Farm |
| 12:10 | Build | Farm |
| 12:21 | Create | Villager (Male) |
| 12:38 | Build | Palisade Wall |
| 12:46 | Build | House |
| 12:50 | Build | Farm |
| 12:52 | Create | Villager (Male) |
| 13:03 | Create | Villager (Male) |
| 13:04 | Build | House |
| 13:08 | Build | Farm |
| 13:24 | Create | Villager (Male) |
| 13:26 | Build | Farm |
| 13:37 | Create | Villager (Male) |
| 14:05 | Create | Villager (Male) |
| 14:07 | Build | Farm |
| 14:09 | Build | Farm |
| 14:21 | Build | Farm |
| 14:24 | Build | Farm |
| 14:58 | Create | Villager (Male) |
| 15:00 | Build | Farm |
| 15:04 | Create | Villager (Male) |
| 15:39 | Build | Archery Range |
| 15:44 | Create | Villager (Male) |
| 16:05 | Create | Villager (Male) |
| 16:15 | Build | Blacksmith |
| 16:21 | Build | Market |
| 16:39 | Create | Archer |
| 16:43 | Create | Archer |
| 16:45 | Create | Villager (Male) |
| 16:49 | Build | House |
| 16:51 | Create | Villager (Male) |
| 17:29 | Build | Archery Range |
| 17:36 | Research | Castle Age |
| 17:40 | Create | Archer |
| 18:00 | Create | Eagle Scout |
| 18:19 | Create | Archer |
| 18:23 | Build | House |
| 18:23 | Create | Archer |
| 18:24 | Create | Archer |
| 18:31 | Build | Palisade Wall |
| 18:32 | Build | Palisade Wall |
| 18:46 | Create | Spearman |
| 18:54 | Build | Palisade Wall |
| 18:59 | Create | Archer |
| 19:15 | Build | Lumber Camp |
| 19:26 | Build | Blacksmith |
| 19:42 | Create | Villager (Male) |
| 19:52 | Build | Palisade Gate |
| 19:58 | Create | Villager (Male) |
| 19:59 | Create | Archer |
| 20:00 | Create | Archer |
| 20:00 | Create | Archer |
| 20:11 | Create | Villager (Male) |
| 20:16 | Create | Eagle Scout |
| 20:16 | Age | Castle Age |
| 20:19 | Research | Fletching |
| 20:20 | Research | Crossbowman (upgrade) |
| 20:25 | Create | Archer |
| 20:36 | Create | Archer |
| 20:45 | Research | Bow Saw |
| 20:46 | Research | Horse Collar |
| 20:47 | Research | Horse Collar |
| 20:57 | Research | Bodkin Arrow |
| 20:57 | Research | Bodkin Arrow |
| 21:04 | Create | Archer |
| 21:17 | Create | Archer |
| 21:35 | Create | Archer |
| 21:37 | Create | Villager (Male) |
| 21:40 | Create | Villager (Male) |
| 21:45 | Create | Archer |
| 21:51 | Build | House |
| 21:56 | Build | House |
| 22:09 | Create | Archer |
| 22:10 | Create | Archer |
| 22:24 | Research | Padded Archer Armor |
| 22:26 | Create | Archer |
| 22:26 | Create | Archer |
| 22:49 | Create | Villager (Male) |
| 22:53 | Build | Barracks |
| 22:54 | Create | Archer |
| 22:54 | Create | Archer |
| 22:59 | Research | Scale Mail Armor |
| 23:00 | Create | Villager (Male) |
| 23:15 | Research | Eagle Warrior (upgrade) |
| 23:17 | Create | Villager (Male) |
| 23:20 | Build | Barracks |
| 23:33 | Create | Archer |
| 23:33 | Create | Archer |
| 23:34 | Create | Archer |
| 24:00 | Create | Eagle Scout |
Build order — 盐堆大王
First 150 of 493 actions detected
| 0:00 | Create | Villager (Male) |
| 0:01 | Create | Villager (Male) |
| 0:02 | Build | House |
| 0:04 | Build | House |
| 0:06 | Create | Villager (Male) |
| 0:11 | Create | Villager (Male) |
| 1:23 | Create | Villager (Male) |
| 2:00 | Create | Villager (Male) |
| 2:22 | Create | Villager (Male) |
| 2:23 | Build | Lumber Camp |
| 2:58 | Create | Villager (Male) |
| 2:59 | Create | Villager (Male) |
| 3:48 | Create | Villager (Male) |
| 4:05 | Build | House |
| 4:06 | Build | House |
| 4:14 | Build | Palisade Wall |
| 4:19 | Create | Villager (Male) |
| 4:19 | Create | Villager (Male) |
| 4:19 | Create | Villager (Male) |
| 4:19 | Create | Villager (Male) |
| 4:19 | Create | Villager (Male) |
| 4:56 | Create | Villager (Male) |
| 5:18 | Build | Palisade Wall |
| 5:19 | Build | Palisade Wall |
| 5:27 | Build | Mill |
| 6:03 | Create | Villager (Male) |
| 6:28 | Research | Loom |
| 7:13 | Research | Feudal Age |
| 8:01 | Build | Barracks |
| 8:06 | Build | Palisade Wall |
| 8:10 | Build | Palisade Wall |
| 8:18 | Build | Palisade Wall |
| 8:19 | Build | Palisade Wall |
| 8:20 | Build | Palisade Wall |
| 8:20 | Build | Palisade Wall |
| 8:23 | Build | Palisade Wall |
| 9:05 | Build | Palisade Wall |
| 9:06 | Build | Palisade Wall |
| 9:08 | Build | Palisade Wall |
| 9:10 | Build | Palisade Wall |
| 9:11 | Build | Palisade Wall |
| 9:13 | Build | Palisade Wall |
| 9:15 | Build | Palisade Wall |
| 9:17 | Build | Palisade Wall |
| 9:18 | Build | Palisade Wall |
| 9:21 | Build | Palisade Wall |
| 9:24 | Age | Feudal Age |
| 9:30 | Build | Stable |
| 9:37 | Create | Villager (Male) |
| 9:49 | Create | Villager (Male) |
| 10:08 | Create | Scout Cavalry |
| 10:09 | Build | House |
| 10:18 | Create | Villager (Male) |
| 10:37 | Build | Palisade Wall |
| 10:40 | Build | Palisade Wall |
| 10:42 | Research | Double-Bit Axe |
| 10:43 | Create | Scout Cavalry |
| 10:58 | Create | Scout Cavalry |
| 11:08 | Build | House |
| 11:09 | Build | House |
| 11:10 | Create | Villager (Male) |
| 11:31 | Build | Archery Range |
| 11:38 | Create | Villager (Male) |
| 11:41 | Create | Scout Cavalry |
| 12:02 | Build | Palisade Wall |
| 12:08 | Create | Villager (Male) |
| 12:10 | Build | House |
| 12:14 | Create | Skirmisher |
| 12:18 | Build | Farm |
| 12:30 | Create | Villager (Male) |
| 12:35 | Build | Farm |
| 12:35 | Build | Farm |
| 12:36 | Create | Villager (Male) |
| 12:46 | Build | Palisade Wall |
| 12:55 | Create | Villager (Male) |
| 12:58 | Build | Farm |
| 13:10 | Create | Skirmisher |
| 13:11 | Create | Villager (Male) |
| 13:22 | Build | Palisade Gate |
| 13:25 | Build | House |
| 13:42 | Build | Palisade Gate |
| 13:56 | Create | Villager (Male) |
| 13:58 | Create | Scout Cavalry |
| 14:04 | Build | Palisade Wall |
| 14:11 | Build | Farm |
| 14:12 | Build | Farm |
| 14:14 | Build | Farm |
| 14:16 | Create | Skirmisher |
| 14:24 | Build | House |
| 14:27 | Build | Farm |
| 14:31 | Create | Villager (Male) |
| 14:36 | Build | Farm |
| 14:52 | Build | Farm |
| 14:52 | Build | Farm |
| 14:52 | Build | Farm |
| 14:52 | Build | Farm |
| 14:58 | Create | Villager (Male) |
| 15:10 | Build | Farm |
| 15:27 | Build | Lumber Camp |
| 15:28 | Create | Villager (Male) |
| 15:32 | Build | Farm |
| 16:03 | Build | Farm |
| 16:03 | Create | Villager (Male) |
| 16:10 | Create | Villager (Male) |
| 16:47 | Create | Villager (Male) |
| 16:58 | Create | Villager (Male) |
| 17:01 | Build | Farm |
| 17:01 | Build | Farm |
| 17:02 | Build | Farm |
| 17:05 | Research | Wheelbarrow |
| 17:11 | Build | House |
| 17:12 | Build | House |
| 17:13 | Build | House |
| 17:14 | Build | House |
| 17:16 | Build | Farm |
| 17:22 | Build | Watch Tower |
| 17:24 | Create | Villager (Male) |
| 17:28 | Build | Farm |
| 17:34 | Create | Villager (Male) |
| 17:58 | Create | Villager (Male) |
| 18:22 | Build | Mining Camp |
| 18:37 | Build | Farm |
| 18:38 | Build | Farm |
| 18:44 | Build | Market |
| 20:02 | Research | Castle Age |
| 20:03 | Research | Castle Age |
| 20:11 | Create | Skirmisher |
| 20:21 | Build | Archery Range |
| 20:27 | Build | Archery Range |
| 20:37 | Build | Blacksmith |
| 20:42 | Create | Skirmisher |
| 20:43 | Create | Skirmisher |
| 20:55 | Create | Skirmisher |
| 20:55 | Create | Skirmisher |
| 21:10 | Build | Palisade Gate |
| 21:13 | Create | Skirmisher |
| 21:13 | Create | Skirmisher |
| 21:13 | Create | Skirmisher |
| 21:32 | Build | House |
| 21:34 | Build | House |
| 21:38 | Create | Skirmisher |
| 21:52 | Research | Gold Mining |
| 21:55 | Research | Fletching |
| 21:56 | Research | Padded Archer Armor |
| 22:04 | Create | Skirmisher |
| 22:05 | Create | Villager (Male) |
| 22:20 | Build | Lumber Camp |
| 22:24 | Create | Skirmisher |
| 22:42 | Age | Castle Age |
| 22:46 | Research | Bodkin Arrow |
Match timeline
| 4:14 | 盐堆大王 · wall_segment Palisade Wall x4 |
| 5:01 | Tapwater2000 · first_building Barracks |
| 5:18 | 盐堆大王 · wall_segment Palisade Wall x3 |
| 5:19 | 盐堆大王 · wall_segment Palisade Wall x6 |
| 8:01 | 盐堆大王 · first_building Barracks |
| 8:06 | 盐堆大王 · wall_segment Palisade Wall x1 |
| 8:10 | 盐堆大王 · wall_segment Palisade Wall x1 |
| 8:18 | 盐堆大王 · wall_segment Palisade Wall x1 |
| 8:19 | 盐堆大王 · wall_segment Palisade Wall x1 |
| 8:20 | 盐堆大王 · wall_segment Palisade Wall x1 |
| 8:20 | 盐堆大王 · wall_segment Palisade Wall x1 |
| 8:23 | 盐堆大王 · wall_segment Palisade Wall x1 |
| 8:58 | Tapwater2000 · wall_segment Palisade Wall x4 |
| 9:05 | 盐堆大王 · wall_segment Palisade Wall x1 |
| 9:06 | 盐堆大王 · wall_segment Palisade Wall x1 |
| 9:08 | Tapwater2000 · wall_segment Palisade Wall x11 |
| 9:08 | 盐堆大王 · wall_segment Palisade Wall x1 |
| 9:10 | 盐堆大王 · wall_segment Palisade Wall x1 |
| 9:11 | 盐堆大王 · wall_segment Palisade Wall x1 |
| 9:13 | 盐堆大王 · wall_segment Palisade Wall x1 |
| 9:15 | 盐堆大王 · wall_segment Palisade Wall x1 |
| 9:17 | 盐堆大王 · wall_segment Palisade Wall x1 |
| 9:18 | 盐堆大王 · wall_segment Palisade Wall x1 |
| 9:21 | 盐堆大王 · wall_segment Palisade Wall x1 |
| 9:24 | 盐堆大王 · age_up feudal |
| 9:30 | 盐堆大王 · first_building Stable |
| 9:35 | Tapwater2000 · wall_segment Palisade Wall x13 |
| 9:44 | Tapwater2000 · wall_segment Palisade Wall x1 |
| 9:45 | Tapwater2000 · wall_segment Palisade Wall x1 |
| 10:22 | Tapwater2000 · age_up feudal |
| 10:37 | 盐堆大王 · wall_segment Palisade Wall x1 |
| 10:40 | 盐堆大王 · wall_segment Palisade Wall x1 |
| 11:31 | 盐堆大王 · first_building Archery Range |
| 12:02 | 盐堆大王 · wall_segment Palisade Wall x4 |
| 12:38 | Tapwater2000 · wall_segment Palisade Wall x11 |
| 12:46 | 盐堆大王 · wall_segment Palisade Wall x7 |
| 14:04 | 盐堆大王 · wall_segment Palisade Wall x1 |
| 15:39 | Tapwater2000 · first_building Archery Range |
| 18:31 | Tapwater2000 · wall_segment Palisade Wall x1 |
| 18:32 | Tapwater2000 · wall_segment Palisade Wall x1 |
| 18:54 | Tapwater2000 · wall_segment Palisade Wall x7 |
| 19:51 | 盐堆大王 · first_market_sell 100 wood |
| 19:52 | 盐堆大王 · first_market_buy 100 food |
| 20:16 | Tapwater2000 · age_up castle |
| 22:42 | 盐堆大王 · age_up castle |
| 26:42 | Tapwater2000 · first_building Siege Workshop |
| 26:57 | 盐堆大王 · first_building Siege Workshop |
| 28:08 | Tapwater2000 · first_market_sell 100 wood |
| 29:24 | 盐堆大王 · first_building Monastery |
| 34:11 | Tapwater2000 · first_market_buy 100 stone |
| 39:26 | 盐堆大王 · first_building Castle |
| 41:56 | Tapwater2000 · age_up imperial |
| 42:04 | 盐堆大王 · age_up imperial |
| 46:22 | Tapwater2000 · resign |
[ AI ANALYSIS · 1 CREDIT ]
What really happened in this match?
Wolo.gg analyzes every decision: build order, eco, micro, common mistakes by bracket. Personalized analysis on WhatsApp or Discord in 30 seconds.
Civ guide
Maya
Perfil
Tapwater2000